Map: Ascension to Aiur LE

Players

Neeb - Winner!

  • Race: Protoss Protoss
  • Spawn Location: 5:00

soul

  • Race: Terran Terran
  • Spawn Location: 11:00

Event: WCS Montreal 2017

VOD

Have the link to the VOD?

Description

Time

  • Played on: Sept. 9, 2017, 10:46 a.m.
  • Length: 9:37

All games in this series

Show
View Real Time Build Order
Export as new Build Order

Neeb Protoss - Winner!

Build Orders: 1 Gate Expand, Zealot Archon, Dark Templar Rush 

Get SALT Encoding   

  12  0:00  Probe (Chrono Boost)  
  13  0:11  Probe (Chrono Boost)  
  14  0:18  Pylon  
  14  0:22  Probe (Chrono Boost)  
  15  0:36  Probe (Chrono Boost), Assimilator  
  15  0:42  Gateway  
  16  0:47  Probe (Chrono Boost)  
  17  0:57  Probe (Chrono Boost)  
  18  1:08  Probe (Chrono Boost)  
  20  1:18  Probe (Chrono Boost)  
  20  1:24  Nexus  
  20  1:33  Cybernetics Core  
  20  1:34  Probe (Chrono Boost)  
  20  1:39  Assimilator  
  21  1:45  Probe (Chrono Boost)  
  22  1:50  Pylon  
  22  1:55  Probe (Chrono Boost)  
  23  2:08  Probe (Chrono Boost)  
  23  2:10  Twilight Council  
  23  2:12  Adept (Chrono Boost)  
  23  2:15  Warp Gate (Chrono Boost)  
  26  2:20  Probe  
  27  2:32  Probe (Chrono Boost)  
  27  2:36  Probe (Chrono Boost)  
  29  2:43  Probe (Chrono Boost)  
  30  2:46  Probe (Chrono Boost)  
  30  2:47  Dark Shrine  
  30  2:49  Gateway  
  31  2:54  Probe (Chrono Boost)  
  31  2:55  Probe (Chrono Boost)  
  35  3:06  Probe, Mothership Core  
  35  3:12  Pylon  
  36  3:16  Gateway  
  36  3:19  Probe  
  36  3:22  Pylon  
  38  3:27  Probe  
  38  3:30  Probe  
  39  3:36  Robotics Facility  
  39  3:39  Probe  
  39  3:41  Probe  
  41  3:51  Probe x2  
  41  3:53  Pylon  
  43  4:01  Nexus  
  43  4:09  Dark Templar  
  45  4:11  Dark Templar  
  45  4:13  Probe (Chrono Boost)  
  45  4:14  Probe (Chrono Boost)  
  45  4:17  Assimilator  
  49  4:19  Assimilator  
  49  4:24  Probe (Chrono Boost)  
  49  4:25  Probe (Chrono Boost)  
  49  4:29  Sentry  
  53  4:35  Probe (Chrono Boost)  
  53  4:36  Probe (Chrono Boost)  
  56  4:45  Probe (Chrono Boost)  
  56  4:46  Probe (Chrono Boost)  
  56  4:52  Dark Templar  
  52  4:55  Probe (Chrono Boost)  
  52  4:56  Probe (Chrono Boost)  
  52  4:59  Observer (Chrono Boost)  
  52  5:01  Zealot  
  52  5:03  Adept  
  52  5:06  Probe  
  56  5:08  Probe  
  56  5:11  Probe  
  53  5:16  Probe  
  53  5:20  Probe  
  54  5:22  Probe  
  54  5:27  Probe  
  55  5:32  Probe  
  55  5:33  Probe  
  55  5:35  Forge  
  58  5:37  Probe, Forge  
  58  5:42  Immortal (Chrono Boost)  
  63  5:43  Probe  
  63  5:44  Probe  
  63  5:48  Probe  
  63  5:50  Stalker  
  63  5:54  Probe  
  63  5:56  Probe  
  67  5:58  Probe  
  67  5:59  Protoss Ground Weapons Level 1 (Chrono Boost), Stalker, Protoss Ground Armor Level 1 (Chrono Boost)  
  67  6:00  Stalker  
  72  6:04  Probe  
  72  6:08  Probe  
  72  6:10  Probe  
  75  6:15  Probe  
  73  6:19  Observer  
  73  6:20  Probe  
  73  6:23  Probe  
  76  6:27  Probe  
  76  6:28  Blink (Chrono Boost)  
  76  6:32  Probe, Pylon  
  78  6:35  Probe  
  78  6:37  Gateway  
  78  6:38  Gateway  
  77  6:41  Probe  
  77  6:42  Gateway  
  77  6:45  Sentry  
  77  6:46  Sentry  
  77  6:47  Probe  
  83  6:50  Probe  
  83  6:52  Immortal  
  88  6:55  Probe  
  88  6:59  Probe  
  88  7:01  Pylon  
  90  7:05  Gateway  
  90  7:06  Gateway  
  90  7:08  Pylon  
  90  7:14  Pylon  
  90  7:16  Pylon  
  90  7:19  Probe x3  
  90  7:22  Assimilator  
  93  7:26  Assimilator  
  93  7:27  Pylon  
  93  7:31  Probe x3  
  93  7:32  Dark Templar x2  
  93  7:35  Immortal (Chrono Boost)  
  104  7:37  Archon  
  104  7:42  Photon Cannon  
  104  7:47  Pylon  
  104  7:51  Dark Templar x2, Pylon  
  108  7:55  Archon  
  108  8:13  Zealot x5  
  108  8:14  Zealot  
  120  8:23  Pylon  
  120  8:26  Pylon  
  120  8:27  Pylon  
  120  8:31  Stalker x2  
  122  8:37  Stalker x4  
  130  8:50  Stalker x2  
  123  9:04  Stalker x6  
  131  9:11  Nexus  
  131  9:13  Probe x2  
  131  9:14  Pylon  
  131  9:23  Stalker  
  131  9:24  Stalker  
  139  9:31  Zealot  
  139  9:32  Zealot x2  
Show
View Real Time Build Order
Export as new Build Order

soul Terran 

Build Orders: MMM Bio 

Get SALT Encoding   

  12  0:00  SCV  
  13  0:12  SCV  
  14  0:17  Supply Depot  
  14  0:25  SCV  
  14  0:27  Refinery  
  15  0:39  SCV  
  16  0:45  Barracks  
  16  0:51  SCV  
  17  1:03  SCV  
  18  1:15  SCV  
  19  1:32  Factory, Marine  
  20  1:33  Orbital Command  
  20  1:36  Refinery  
  20  1:43  Supply Depot  
  20  1:50  Marine  
  21  1:58  SCV  
  22  2:02  Factory  
  23  2:10  SCV  
  23  2:24  Command Center  
  23  2:28  SCV  
  24  2:45  SCV  
  24  2:48  Starport, Widow Mine  
  27  2:52  Supply Depot, Marine  
  28  2:59  SCV  
  29  3:11  Marine  
  30  3:13  SCV  
  30  3:17  Widow Mine  
  33  3:25  SCV  
  34  3:27  Medivac  
  34  3:29  Marine  
  37  3:36  Orbital Command  
  37  3:37  SCV  
  38  3:48  Cyclone  
  41  3:49  SCV  
  41  3:55  Barracks Reactor  
  42  3:57  Viking  
  42  4:01  SCV  
  45  4:03  Supply Depot  
  45  4:04  SCV  
  46  4:13  SCV  
  46  4:16  Barracks, SCV  
  48  4:18  Barracks  
  48  4:22  Supply Depot  
  48  4:25  SCV  
  48  4:28  SCV  
  48  4:30  Factory Tech Lab  
  50  4:37  SCV  
  51  4:40  SCV  
  51  4:42  Marine  
  45  4:49  SCV  
  45  4:51  Marine  
  45  4:52  SCV  
  38  5:00  Raven  
  38  5:02  SCV  
  38  5:04  SCV  
  42  5:14  SCV  
  39  5:24  Marine x2  
  39  5:27  Marine  
  40  5:28  SCV  
  41  5:35  Orbital Command  
  41  5:41  Marine  
  41  5:42  Marine  
  41  5:45  Marine  
  41  5:46  Marine  
  41  5:47  SCV  
  41  5:59  Marine x2  
  41  6:02  SCV  
  44  6:05  Marine  
  44  6:08  Marine  
  44  6:09  SCV  
  43  6:15  SCV  
  43  6:17  Marine  
  43  6:18  Marine  
  46  6:21  SCV  
  46  6:27  SCV  
  46  6:31  Supply Depot  
  46  6:34  Barracks Tech Lab  
  46  6:35  SCV  
  46  6:37  Factory Reactor  
  46  6:39  SCV  
  48  6:42  Stimpack  
  48  6:43  Marine  
  48  6:44  Starport Reactor  
  49  6:47  SCV  
  49  6:51  Marine  
  49  6:52  Marine, SCV  
  53  6:56  Engineering Bay  
  53  7:02  Supply Depot  
  53  7:03  SCV  
  53  7:05  SCV  
  55  7:15  SCV  
  56  7:17  SCV  
  56  7:19  Marine, Marauder  
  60  7:23  Marine  
  60  7:24  Supply Depot  
  60  7:27  SCV  
  65  7:30  SCV, Marauder  
  65  7:34  Medivac  
  65  7:37  Marine  
  67  7:38  Medivac  
  67  7:43  Refinery x2  
  70  7:45  SCV x2  
  70  7:46  Supply Depot  
  70  7:50  Combat Shields  
  72  7:57  SCV x2  
  74  8:00  Marine, Marauder  
  74  8:03  Marine  
  78  8:09  SCV x2  
  78  8:10  Supply Depot  
  80  8:13  Marauder  
  80  8:17  Marine  
  83  8:21  SCV x2  
  83  8:25  Supply Depot, Marine  
  86  8:34  Supply Depot, SCV x2  
  88  8:35  Marine  
  88  8:36  Marauder  
  91  8:42  Concussive Shells  
  91  8:46  SCV  
  91  8:47  Medivac  
  94  8:49  Supply Depot  
  94  8:51  Medivac  
  89  8:58  Supply Depot  
  89  8:59  Marine  
  89  9:00  Marauder  
  84  9:03  Marine  
  84  9:05  Marine  
  84  9:06  SCV  
  72  9:17  Marine  
  72  9:23  Supply Depot  
Tags
 
Add a new tag
Caveats
  • Supply blocks, unpowered buildings, or Contaminate may cause inaccurate times.
  • Supply counts are checked every 10 seconds.